 Dungeon Crawl Stone Soup version 0.32-a0-818-gb728d0252e (webtiles) character file.

Game seed: 10942799609511924013

9252 Nvm9 the Fighter (level 11, -8/89 HPs)
             Began as a Demonspawn Fighter on Mar 24, 2024.
             Was a Believer of Qazlal.
             Mangled by a yak (12 damage)
             ... on level 2 of the Lair of Beasts.
             The game lasted 00:18:09 (8727 turns).

Nvm9 the Fighter (Demonspawn Fighter)               Turns: 8727, Time: 00:18:10

Health: -8/89      AC: 18    Str: 21    XL:     11   Next: 20%
Magic:  11/11      EV: -4    Int:  7    God:    Qazlal [**....]
Gold:   561        SH:  3    Dex: 21    Spells: 10/10 levels left

rFire   . . .        a - +1 war axe (heavy)
rCold   + . .        (no shield)
rNeg    . . .        D - +0 plate armour
rPois   .            (helmet restricted)
rElec   +            r - +1 cloak {Stlth+}
rCorr   .            o - +1 pair of gloves
SInv    .            (no boots)
Will    .....        q - amulet "Caschot" {rElec Regen+ Int-2 Dex+3} Stlth
                     n - ring of protection from cold
HPRegen 1.14/turn    C - +6 ring of dexterity
MPRegen 0.12/turn

%: no passive effects
@: grasped by roots, wreathed by umbra, constricted, invisible
A: horns 2, powered by pain 2, weakness stinger 2, demonic touch 1, foul shadow
2
a: Renounce Religion, Upheaval


You were on level 2 of the Lair of Beasts.
You worshipped Qazlal.
Qazlal was pleased with you.
You visited 3 branches of the dungeon, and saw 12 of its levels.

You collected 561 gold pieces.

Inventory:

Hand Weapons
 a - a +1 heavy war axe (weapon)
 l - a +0 lajatang
 s - the +8 hammer "Vere" {spect, Fly rC+ Str-5 Dex+2}
   (You found it on level 4 of the Dungeon)

   Str-5:     It affects your strength (-5).
   Dex+2:     It affects your dexterity (+2).
   rC+:       It protects you from cold.
   Fly:       It grants you flight.
 t - a +2 whip of electrocution
 v - a +0 war axe
 y - a +2 hand axe of freezing
 G - the +10 short sword "Ducheav" {speed, rPois Int+2}
   (You found it on level 1 of the Lair of Beasts)

   Int+2:     It affects your intelligence (+2).
   rPois:     It protects you from poison.
Missiles
 e - 18 boomerangs
 j - 29 poisoned darts (quivered)
 p - 2 javelins
 x - a throwing net
Armour
 c - a +0 buckler
 h - +0 ice dragon scales
 o - a +1 pair of gloves (worn)
 r - a +1 cloak of stealth (worn)
 B - +0 gold dragon scales
 D - a +0 plate armour (worn)
Jewellery
 n - a ring of protection from cold (left hand)
 q - the amulet "Caschot" (around neck) {rElec Regen+ Int-2 Dex+3}
   (You found it on level 4 of the Dungeon)

   [amulet of regeneration]

   Int-2:     It affects your intelligence (-2).
   Dex+3:     It affects your dexterity (+3).
   rElec:     It insulates you from electricity.
   Regen+:    It increases your rate of health regeneration.
 C - a +6 ring of dexterity (right hand)
 E - a ring of protection from cold
 H - an amulet of the acrobat
Wands
 b - a wand of flame (14)
 g - a wand of charming (18)
Scrolls
 f - 4 scrolls of poison
 k - 13 scrolls of identify
 u - 3 scrolls of vulnerability
 w - a scroll of immolation
 A - a scroll of fog
Potions
 d - 2 potions of might
 i - 2 potions of curing
 m - 3 potions of brilliance
 F - a potion of ambrosia


   Skills:
 * Level 9.3 Fighting
 + Level 7.3 Axes
 + Level 5.3 Throwing
 * Level 8.5 Armour
 + Level 7.7 Shields


You had 10 spell levels left.
You didn't know any spells.
Your spell library contained the following spells:

 Spells                   Type           Power      Damage    Failure   Level
 Apportation              Tloc           0%         N/A       100%        1
 Necrotise                Necr           0%         1d4       100%        1
 Sting                    Conj/Alch      0%         1d3       100%        1
 Summon Small Mammal      Summ           0%         N/A       100%        1
 Jinxbite                 Hex            0%         N/A       100%        2
 Alistair's Intoxication  Alch           0%         N/A       100%        5


Dungeon Overview and Level Annotations

Branches:
Dungeon (9/15)             Temple (1/1) D:7            Lair (2/5) D:9
  Swamp: Lair:2-3    Shoals: Lair:2-3     Snake: Lair:2-3    Spider: Lair:2-3
    Orc: D:9-12

Altars:
Ashenzari
Cheibriados
Dithmenos
Fedhas
Gozag
Hepliaklqana
Kikubaaqudgha
Makhleb
Nemelex Xobeh
Okawaru
Qazlal
Ru
Sif Muna
Trog
Uskayaw
Vehumet
Wu Jian
Xom
Yredelemnul

Shops:
D:2 *   D:3 [   D:5 [   D:8 =

Annotations:
Lair:2 Harold


Innate Abilities, Weirdness & Mutations

You have a pair of horns on your head.
You sometimes gain power by taking damage.
You have a tail ending in a sharp stinger.
Your touch may inflict minor irresistible damage on your foes.
You are shadowed, sometimes releasing foul flame when damaged in melee.


Message History

You kill the yak!
Qazlal accepts your kill.
You slash the yak!
The yak gores you but does no damage. x2
The yak barely misses you.
Unknown command.
You slice the yak!!
You kill the yak!
Qazlal accepts your kill.
You hit the yak but do no damage. Harold hits you but does no damage.
The yak gores you but does no damage.
You slice the yak!!
Your tail-slap misses the yak.
The yak is heavily wounded.
You slash the yak! The yak gores you.
The yak is seared by the foul flame within you!
The yak is severely wounded.
Harold zaps a wand.
The roots erupt in riotous growth!
The yak is unaffected.
The grasping roots grab you!
The yak is unaffected. x2; Harold is unaffected.
The grasping roots constrict you. The yak gores you.
The yak gores you but does no damage. The yak gores you.
Harold hits you from afar with a +0 glaive!
* * * LOW HITPOINT WARNING * * *
The grasping roots constrict you.
* * * LOW HITPOINT WARNING * * *
You feel better. The yak gores you!
* * * LOW HITPOINT WARNING * * *
Harold hits you from afar with a +0 glaive!
* * * LOW HITPOINT WARNING * * *
The grasping roots constrict you. The yak gores you!
* * * LOW HITPOINT WARNING * * *
The yak is seared by the foul flame within you.
The yak is heavily wounded.
Okay, then.
Unknown command.
Press: ? - help, v - describe, . - travel
Here: Harold, wielding a +0 glaive, wearing a +0 scale mail, quivering 5 throwing nets and carrying a wand of roots (umbra)
The floor.
You fade into invisibility!
The yak gores you!
You die...

...^#^ ^.# #.... ^.^
....^ ^. ..^.^. #..#^
#>.. # #### #..#
#.#######Y@.##..
####..###.......@YY.....
.#.....#.......###.##.##
..#........###..# #
.......#######.##
..###### #...# †.# ##.##
(#############.#
..........<...>#
...##.#####.P###


You could see Harold (unable to see you) and 3 yaks.

Vanquished Creatures
  A two-headed ogre (D:9)
  Pikel (D:6)
  A wolf spider (Lair:2)
  A black mamba (Lair:1)
  2 cane toads (Lair:2)
  A gargoyle (D:8)
  3 komodo dragons
  A troll (D:9)
  Grinder (D:4)
  3 blink frogs (Lair:1)
  A culicivora (Lair:2)
  A vampire (D:9)
  5 wyverns
  4 yaks
  A basilisk (Lair:1)
  A steam dragon (D:9)
  2 water moccasins (Lair:1)
  3 orc warriors
  2 ice beasts (D:8)
  2 sky beasts
  A centaur (D:9)
  A kobold brigand (D:8)
  A lemure (D:6)
  6 bullfrogs
  2 scorpions
  3 wights (D:8)
  A jelly (D:5)
  3 howler monkeys
  2 bombardier beetles
  4 hounds
  Crazy Yiuf (D:4)
  6 orc priests
  2 gnoll boudas (D:7)
  Terence (D:2)
  4 iguanas
  7 orc wizards
  12 gnolls
  20 adders
  3 white imps
  2 ufetubi (D:5)
  4 ribbon worms
  A dart slug (D:1)
  47 orcs
  5 ball pythons
  5 endoplasms
  4 giant cockroaches
  3 goblins
  8 hobgoblins
  9 kobolds
  2 quokkas (D:5)
  4 bats
  3 frilled lizards
  2 rats
216 creatures vanquished.

Vanquished Creatures (others)
  An orc wizard (D:5)
1 creature vanquished.

Grand Total: 217 creatures vanquished

Notes
Turn   | Place    | Note
-------+----------+-------------------------------------------
     0 | D:1      | Nvm9 the Demonspawn Fighter began the quest for the Orb.
     0 | D:1      | Reached XP level 1. HP: 18/18 MP: 1/1
   242 | D:1      | Discovered your monstrous ancestry.
   242 | D:1      | Gained mutation: You have a pair of small horns on your
                  | head. [demonic ancestry]
   242 | D:1      | Reached XP level 2. HP: 24/24 MP: 2/2
   880 | D:2      | Noticed Terence
   897 | D:2      | Killed Terence
   898 | D:2      | Gained mutation: You sometimes gain a little power by
                  | taking damage. [demonic ancestry]
   898 | D:2      | Reached XP level 3. HP: 18/29 MP: 3/3
   987 | D:2      | Gained mutation: You are faintly shadowed, very rarely
                  | releasing foul flame when damaged in melee. [demonic
                  | ancestry]
   987 | D:2      | Reached XP level 4. HP: 27/35 MP: 4/4
  1042 | D:2      | Found Haewiropn's General Store.
  1287 | D:2      | Reached skill level 1 in Throwing
  1706 | D:3      | Gained mutation: You are shadowed, sometimes releasing foul
                  | flame when damaged in melee. [demonic ancestry]
  1706 | D:3      | Reached XP level 5. HP: 42/42 MP: 5/5
  1895 | D:3      | Identified the +3 ring mail of Starshine {+Blink rElec rF-
                  | Slay-6}
  2039 | D:3      | Reached skill level 4 in Fighting
  2102 | D:3      | Found Quyq's Antique Armour Shoppe.
  2347 | D:3      | Gained mutation: You sometimes gain power by taking damage.
                  | [demonic ancestry]
  2347 | D:3      | Reached XP level 6. HP: 34/48 MP: 6/6
  2945 | D:4      | Found an ancient bone altar of Kikubaaqudgha.
  2946 | D:4      | Found a broken altar of Ashenzari.
  3140 | D:4      | Noticed Grinder
  3147 | D:4      | Paralysed by Grinder for 2 turns
  3161 | D:4      | Paralysed by Grinder for 2 turns
  3164 | D:4      | Killed Grinder
  3165 | D:4      | Gained mutation: You have a small tail. [demonic ancestry]
  3165 | D:4      | Reached XP level 7. HP: 28/55 MP: 7/7
  3307 | D:4      | Identified the amulet "Caschot" {rElec Regen+ Int-2 Dex+3}
  3437 | D:4      | Found a runed translucent door.
  3438 | D:4      | Noticed Crazy Yiuf
  3445 | D:4      | Killed Crazy Yiuf
  3448 | D:4      | Identified the +8 hammer "Vere" {spect, Fly rC+ Str-5
                  | Dex+2}
  3573 | D:5      | Entered Level 5 of the Dungeon
  3700 | D:5      | Found a hide-covered altar of Uskayaw.
  3774 | D:5      | Found a stormy altar of Qazlal.
  3780 | D:5      | Reached skill level 5 in Fighting
  4012 | D:5      | Found Ifunat's Armour Shoppe.
  4229 | D:5      | Found a blossoming altar of Fedhas.
  4435 | D:6      | Gained mutation: You have a pair of horns on your head.
                  | [demonic ancestry]
  4435 | D:6      | Reached XP level 8. HP: 62/62 MP: 8/8
  4609 | D:6      | Found an iron altar of Okawaru.
  4621 | D:6      | Found an ornate altar of the Wu Jian Council.
  4629 | D:6      | Reached skill level 5 in Armour
  4629 | D:6      | Reached skill level 5 in Shields
  4675 | D:6      | Found a sacrificial altar of Ru.
  4940 | D:5      | Became a worshipper of Qazlal Stormbringer
  5251 | D:7      | Noticed Pikel
  5290 | D:6      | Killed Pikel
  5291 | D:6      | Reached skill level 6 in Fighting
  5291 | D:6      | Reached skill level 5 in Axes
  5363 | D:7      | Found a staircase to the Ecumenical Temple.
  5412 | Temple   | Entered the Ecumenical Temple
  5694 | D:7      | Gained mutation: Your touch may inflict minor irresistible
                  | damage on your foes. [demonic ancestry]
  5694 | D:7      | Reached XP level 9. HP: 69/69 MP: 9/9
  6259 | D:8      | Found a sparkling altar of Nemelex Xobeh.
  6361 | D:8      | Found a shadowy altar of Dithmenos.
  6417 | D:8      | Found an opulent altar of Gozag.
  6522 | D:8      | Reached * piety under Qazlal
  6589 | D:8      | Noticed a gargoyle
  6595 | D:8      | Killed a gargoyle
  6596 | D:8      | Reached skill level 7 in Fighting
  6683 | D:8      | Found Dunafux's Jewellery Emporium.
  6779 | D:8      | Found a basalt altar of Yredelemnul.
  7307 | D:9      | Noticed a komodo dragon
  7308 | D:9      | Found a staircase to the Lair.
  7321 | D:9      | Killed a komodo dragon
  7321 | D:9      | Reached ** piety under Qazlal
  7322 | D:9      | Reached XP level 10. HP: 53/79 MP: 10/10
  7370 | D:9      | Noticed a two-headed ogre
  7391 | D:9      | Killed a two-headed ogre
  7443 | D:9      | Reached skill level 8 in Fighting
  7802 | Lair:1   | Entered Level 1 of the Lair of Beasts
  7960 | Lair:1   | Identified the +10 short sword "Ducheav" {speed, rPois
                  | Int+2}
  8168 | Lair:1   | Noticed a black mamba
  8177 | Lair:1   | Killed a black mamba
  8226 | Lair:1   | Reached skill level 5 in Throwing
  8283 | Lair:1   | Reached skill level 9 in Fighting
  8283 | Lair:1   | Gained mutation: You have a tail ending in a sharp stinger.
                  | [demonic ancestry]
  8283 | Lair:1   | Reached XP level 11. HP: 75/89 MP: 11/11
  8654 | Lair:2   | Noticed a wolf spider
  8664 | Lair:2   | Killed a wolf spider
  8719 | Lair:2   | Noticed Harold
  8726 | Lair:2   | HP: 3/89 [yak (7)]
  8727 | Lair:2   | Mangled by a yak

Illustrated notes

Levels and vault maps discovered:
D:1:      lemuel_arrival_hallway, layout_loops_corners
D:2:      layout_basic, serial_shops, nicolae_shop_tiny_statue_garden,
          minmay_hexomino_r4, uniq_terence
D:3:      minmay_wonky_spiral, layout_basic, serial_shops, nicolae_diamond_shop,
          chequers_serial_rivers_large_b, cheibrodos_gnoll_hut
D:4:      layout_loops_ring, kennysheep_mini_moat, nicolae_overflow_squiral,
          minmay_misc_feat_cross, st_stairs_9, kennysheep_crisscross,
          uniq_crazy_yiuf_cottage, uniq_grinder
D:5:      layout_loops_corners, nicolae_qazlal_beasts_of_the_sky,
          marbit_many_paths, fedhas_altar_decomposition, serial_shops,
          nicolae_shop_tiny_waterfront
D:6:      layout_loops_cross, lemuel_doored_altar,
          mainiacjoe_overflow_cross_hatched, overflow_temple_1_default,
          serial_park_tiny_pond, st_stairs_13, amcnicky_mini_pool_small
D:7:      layout_basic, minmay_temple_entry_junction, chequers_mini_garden,
          uniq_pikel
D:8:      layout_cave_pools, nicolae_overflow_hidden_temple,
          nemelex_diamond_rough_becter, general_overflow_altar,
          nicolae_overflow_crystal_walls, serial_shops,
          nicolae_shop_getting_attention
D:9:      layout_stronghold, david_lair_shrubbed, feat_on_display
Temple:   hellmonk_temple_flake
Lair:1:   layout_roguey, serial_bayou_pond_b
Lair:2:   layout_loops_ring, alex1729_swamp_entry_worm_eleionoma,
          spider_nest_entry_rubble, basic_altar, beast_lair_carwin_8,
          lemuel_fruit_fields, uniq_harold

Skill      XL: |  1  2  3  4  5  6  7  8  9 10 |
---------------+-------------------------------+-----
Axes           | 2 3 4 5 6 7 |  7.3
Armour         | 3 4 5 7 8 |  8.5
Shields        | 3 4 5 6 7 |  7.7
Throwing       | 1 2 3 5 |  5.3
Fighting       | 4 5 6 7 9 |  9.3

Action                     |  1- 3 |  4- 6 |  7- 9 | 10-12 || total
---------------------------+-------+-------+-------+-------++-------
  Melee: War axe           |    56 |   169 |   242 |    69 ||   536
         Headbutt          |     9 |    32 |    43 |    12 ||    96
         Tailslap          |       |       |    33 |    10 ||    43
         Touch             |       |       |    12 |     7 ||    19
  Throw: Boomerang         |       |       |     2 |     6 ||     8
         Dart              |       |       |       |     5 ||     5
    Use: Scroll            |       |     4 |     6 |     1 ||    11
         Potion            |       |     5 |     5 |     5 ||    15
   Stab: Distracted        |       |       |     1 |       ||     1
 Armour: Scale mail        |    43 |    37 |       |       ||    80
         Ice dragon scales |       |   102 |   190 |       ||   292
         Plate armour      |       |       |    43 |    60 ||   103
         Gold dragon scale |       |       |    26 |    96 ||   122
  Dodge: Dodged            |    24 |    81 |   115 |    18 ||   238
  Block: Buckler           |    16 |    44 |    35 |       ||    95
         Other             |       |       |     2 |     6 ||     8

Table legend: (Time is in decaauts)
 A = Elapsed time spent in this place.
 B = Non-inter-level travel time spent in this place.
 C = Inter-level travel time spent in this place.
 D = Time resting spent in this place.
 E = Time spent auto-exploring this place.
 F = Levels seen in this place.
 G = Mean time per level.
                   A        B        C        D        E       F      G
               +--------+--------+--------+--------+--------+-----+--------+
         Total |   9046 |   8734 |    312 |    689 |   6203 |  12 |  753.8 |
       Dungeon |   8083 |   7776 |    307 |    564 |   5691 |   9 |  898.1 |
        Temple |      1 |      1 |      0 |      0 |      0 |   1 |    1.0 |
          Lair |    962 |    958 |      4 |    125 |    512 |   2 |  481.0 |
               +--------+--------+--------+--------+--------+-----+--------+

Top non-repeatable levels by time:
     D:4: 1052 daAuts
     D:5: 983 daAuts
     D:3: 955 daAuts
     D:9: 933 daAuts
     D:7: 919 daAuts
     D:2: 918 daAuts
     D:1: 816 daAuts
  Lair:1: 786 daAuts
     D:8: 766 daAuts
     D:6: 738 daAuts
  Lair:2: 175 daAuts
  Temple: 1 daAuts
